 Dungeon Crawl Stone Soup version 0.30.1-3-gfc49f6343a (webtiles) character file.

Game seed: 14453961944716418999

809 Wiggles the Chopper (level 7, -8/62 HPs)
             Began as a Minotaur Berserker on July 27, 2023.
             Was a Priest of Trog.
             Mangled by an ogre
             ... wielding a +0 giant spiked club
              (28 damage)
             ... on level 5 of the Dungeon.
             The game lasted 00:04:49 (2828 turns).

Wiggles the Chopper (Minotaur Berserker)            Turns: 2828, Time: 00:04:49

Health: -8/62      AC:  9    Str: 24    XL:     7   Next: 61%
Magic:  6/6        EV: 11    Int: 10    God:    Trog [***...]
Gold:   276        SH:  0    Dex:  9    Spells: 6/6 levels left

rFire   . . .        u - +2 war axe (vamp)
rCold   . . .        (no shield)
rNeg    . . .        y - +0 scale mail
rPois   .            (helmet restricted)
rElec   .            b - +0 cloak
rCorr   .            (no gloves)
SInv    .            j - +0 pair of boots
Will    .....        (no amulet) Stlth
                     o - +6 ring of intelligence
HPRegen 0.30/turn    (no ring)
MPRegen 0.10/turn

%: no passive effects
@: weakened, on berserk cooldown, slowed, very slow
A: horns 2, retaliatory headbutt
a: Renounce Religion, Berserk, Trog's Hand


You were on level 5 of the Dungeon.
You worshipped Trog.
Trog was most pleased with you.
You visited 1 branch of the dungeon, and saw 5 of its levels.

You collected 276 gold pieces.

Inventory:

Hand Weapons
 h - a +0 battleaxe
 u - a +2 vampiric war axe (weapon)
Armour
 b - a +0 cloak (worn)
 j - a +0 pair of boots (worn)
 y - a +0 scale mail (worn)
Jewellery
 o - a +6 ring of intelligence (left hand)
Scrolls
 c - 2 scrolls of blinking {unknown}
 d - 4 scrolls of fog {unknown}
 i - a scroll of vulnerability {unknown}
 k - a scroll of brand weapon {unknown}
 l - 3 scrolls of poison {unknown}
 n - 2 scrolls of fear {unknown}
 p - 2 scrolls of amnesia {unknown}
 q - 7 scrolls of identify {unknown}
 s - 3 scrolls of teleportation {unknown}
 v - a scroll of noise {unknown}
 w - 2 scrolls of enchant weapon {unknown}
 x - a scroll of summoning {unknown}
Potions
 a - 2 potions of heal wounds {unknown}
 e - a potion of might {unknown}
 f - a potion of curing {unknown}
 g - a potion of brilliance {unknown}
 m - 2 potions of flight {unknown}
 r - 2 potions of degeneration {unknown}
 t - a potion of attraction {unknown}


   Skills:
 + Level 5.8 Fighting
 + Level 7.9 Axes
 + Level 4.4 Armour
 + Level 4.2 Dodging
 + Level 1.2 Stealth


You had 6 spell levels left.
You didn't know any spells.
Your spell library was empty.

Dungeon Overview and Level Annotations

Branches:
Dungeon (5/15)
 Temple: D:4-7

Altars:
Fedhas
Ru
Xom
The Shining One


Innate Abilities, Weirdness & Mutations

You have a pair of horns on your head.
You reflexively headbutt those who attack you in melee.


Message History

You see here a +0 club.
You are too injured to fight recklessly!
You slash the gnoll! Your headbutt misses the gnoll.
The gnoll is severely wounded.
You slash the gnoll bouda! You slash the gnoll!
You feel better.
The gnoll bouda hits you but does no damage.
You barely miss the gnoll. Your headbutt misses the gnoll.
The gnoll is severely wounded.
You closely miss the gnoll bouda. You closely miss the gnoll.
You slash the ogre!
You feel better. The gnoll closely misses you.
The gnoll hits you but does no damage.
The gnoll bouda calls upon its god to heal the gnoll.
The gnoll is healed somewhat.
The ogre closely misses you. You furiously retaliate!
You headbutt the ogre. You hit the gnoll.
You feel better.
You kill the gnoll!
Trog accepts your kill.
You barely miss the gnoll bouda. You completely miss the gnoll.
You slash the ogre!
You feel better. The gnoll misses you.
The gnoll bouda gazes fiercely through you!
You feel as though you will be weak longer.
The gnoll bouda barely misses you.
Things that are here:
a +1 vampiric halberd; 2 gold pieces You feel a strong urge to attack something.
The ogre closely misses you. You furiously retaliate!
You headbutt the ogre! The gnoll closely misses you.
The gnoll attacks as you move away! The gnoll hits you with a +0 halberd!
You are no longer berserk.
You are exhausted.
You feel yourself slow down. The gnoll barely misses you.
You closely miss the ogre. You headbutt the ogre.
The ogre is almost dead.
You slash the gnoll bouda!
You feel better.
You kill the gnoll bouda!
Trog accepts your kill.
The ogre hits you with a +0 giant spiked club!!
The gnoll hits you from afar with a +0 halberd!
The ogre hits you with a +0 giant spiked club!!
You die...

#.....(.....#.....
##...........+.....
#..........# #.....
#######?.........###.....
.................'....<..
.......†.(.......###.#.#.
.......).........# #.#.#.
......g)O.##########.#.#.
........@.# #.....#.#.
..........# #.#####.#.
..........# #.# #.#.
..../.....# #.# #.#.
..........# #.# #.#.
..........# #.#####.#.
#######+########.........
#..............#
#######..####..#


You could see an ogre and a gnoll (swift).

Vanquished Creatures
  Sigmund (D:2)
  An ice beast (D:5)
  An ogre (D:3)
  Blork the orc (D:5)
  4 crimson imps (D:3)
  A hound (D:4)
  A gnoll bouda (D:5)
  2 iguanas (D:4)
  Natasha (twice) (D:3)
  3 gnolls (D:5)
  4 adders
  An ufetubus (D:4)
  A worm (D:2)
  2 dart slugs (D:1)
  8 endoplasms
  5 giant cockroaches
  5 hobgoblins
  4 jackals (D:1)
  2 kobolds
  4 quokkas
  6 ball pythons
  12 bats
  5 frilled lizards
  7 goblins
  5 rats
88 creatures vanquished.

Notes
Turn   | Place    | Note
-------+----------+-------------------------------------------
     0 | D:1      | Wiggles the Minotaur Berserker began the quest for the Orb.
     0 | D:1      | Reached XP level 1. HP: 19/19 MP: 0/0
    40 | D:1      | Reached XP level 2. HP: 12/27 MP: 1/1
   132 | D:1      | Reached skill level 4 in Axes
   365 | D:1      | Reached ** piety under Trog
   372 | D:1      | Reached XP level 3. HP: 33/33 MP: 2/2
   701 | D:2      | Noticed Sigmund
   715 | D:2      | Killed Sigmund
   716 | D:2      | Reached skill level 5 in Axes
   716 | D:2      | Reached XP level 4. HP: 13/41 MP: 3/3
   716 | D:2      | Reached XP level 5. HP: 15/47 MP: 4/4
   717 | D:2      | Reached skill level 5 in Fighting
  1356 | D:3      | Found a blossoming altar of Fedhas.
  1367 | D:3      | Reached *** piety under Trog
  1444 | D:3      | Noticed an ogre
  1450 | D:3      | Killed an ogre
  1451 | D:3      | Reached skill level 6 in Axes
  1451 | D:3      | Reached XP level 6. HP: 56/56 MP: 5/5
  1481 | D:3      | Noticed Natasha
  1486 | D:3      | Killed Natasha
  1534 | D:3      | Found a glowing golden altar of the Shining One.
  1608 | D:3      | Noticed Natasha
  1616 | D:3      | Killed Natasha
  1655 | D:3      | Found a shimmering altar of Xom.
  1681 | D:3      | Reached XP level 7. HP: 61/61 MP: 6/6
  1883 | D:4      | Reached skill level 7 in Axes
  1912 | D:4      | Reached skill level 1 in Stealth
  2091 | D:4      | Found a sacrificial altar of Ru.
  2710 | D:5      | Entered Level 5 of the Dungeon
  2721 | D:5      | Noticed Blork the orc
  2727 | D:5      | Killed Blork the orc
  2828 | D:5      | Mangled by an ogre

Illustrated notes

Levels and vault maps discovered:
D:1:      minmay_arrival_diagonal_passages, layout_rooms,
          chequers_serial_rivers_small_3, minmay_gold_behind_fungi
D:2:      layout_rooms, minmay_tromino_v7, uniq_sigmund
D:3:      layout_rooms, tso_oasis_becter, fedhas_altar_3, led_xom_imps,
          uniq_natasha
D:4:      layout_basic, mainiacjoe_overflow_alcove_2, minmay_misc_feat_columns
D:5:      layout_basic, minmay_misc_feat_enclosed, uniq_crazy_yiuf_cottage,
          uniq_blork_the_orc, uniq_ijyb

Skill      XL: |  1  2  3  4  5  6  7 |
---------------+----------------------+-----
Fighting       | 4 5 |  5.8
Axes           | 4 5 6 7 |  7.9
Armour         | 3 4 |  4.4
Dodging        | 3 4 |  4.2
Stealth        | 1 |  1.2

Action                     |  1- 3 |  4- 6 |  7- 9 || total
---------------------------+-------+-------+-------++-------
  Melee: Hand axe          |    57 |    47 |       ||   104
         Headbutt          |     6 |    11 |     8 ||    25
         Punch             |     1 |     1 |       ||     2
         War axe           |       |    24 |    39 ||    63
 Invoke: Berserk           |     1 |     1 |     2 ||     4
   Stab: Sleeping          |       |     1 |       ||     1
 Armour: Animal skin       |     2 |       |       ||     2
         Leather armour    |    19 |    23 |     6 ||    48
         Scale mail        |       |       |     5 ||     5
  Dodge: Dodged            |    55 |    34 |    36 ||   125
